 Dungeon Crawl Stone Soup version 0.26.0-10-g1f06aea511 (webtiles) character file.

Game seed: 10383911439100733385

86492 Canard the Brawler (level 15, 0/237 HPs)
             Began as a Troll Delver on Jan 14, 2021.
             Was a High Priest of Trog.
             Slain by Kirke (16 damage)
             ... on level 5 of the Lair of Beasts.
             The game lasted 00:49:03 (20514 turns).

Canard the Brawler (Troll Delver)                  Turns: 20514, Time: 00:49:04

Health: 0/237      AC:  0    Str: 29    XL:     15   Next: 41%
Magic:  14/14      EV: 16    Int:  6    God:    Trog [*****.]
Gold:   1823       SH:  5    Dex: 11    Spells: 14/14 levels left

rFire    . . .     SeeInvis .     - Unarmed
rCold    . . .     Faith    .   (shield currently unavailable)
rNeg     . . .     Spirit   .   (armour currently unavailable)
rPois    .         Reflect  +   (helmet currently unavailable)
rElec    .         Harm     .   (cloak currently unavailable)
rCorr    .         Rampage  .   (gloves unavailable)
Will     +....                  (boots unavailable)
Stlth    ..........             L - amulet of reflection
HPRegen  0.89/turn              (ring currently unavailable)
MPRegen  0.14/turn              (ring currently unavailable)

@: berserking, pig-form, studying Fighting, very quick
A: small, unfitting armour, regeneration 1
a: Renounce Religion, Berserk, Trog's Hand, Brothers in Arms


You were on level 5 of the Lair of Beasts.
You worshipped Trog.
Trog was extremely pleased with you.
You were a filthy swine.
You visited 3 branches of the dungeon, and saw 22 of its levels.
You also visited: Ossuary, Bailey, Gauntlet and Volcano.

You collected 1823 gold pieces.

Inventory:

Missiles
 v - 28 javelins
 w - 8 large rocks
 x - 22 silver javelins
 Z - 3 throwing nets {!f}
Armour
 g - a +0 kite shield (melded)
   (You found it on level 8 of the Dungeon)
 h - a +1 cloak (melded)
   (You took it off Crazy Yiuf on level 4 of the Dungeon)
 p - the +4 skin of Zhor (melded) {Englaciate rC+++ SInv}
   (You found it in a bailey)

   It renders you almost immune to cold.
   It lets you see invisible.
 t - a +2 robe of resistance
   (You took it off Psyche on level 10 of the Dungeon)
 J - quicksilver dragon scales
   (You found it in a Gauntlet)
 U - +0 acid dragon scales
   (You found it on level 14 of the Dungeon)
 Y - a +1 hat (melded)
   (You found it on level 4 of the Lair of Beasts)
Jewellery
 c - an uncursed ring of protection from cold
   (You took it off Robin on level 2 of the Dungeon)
 f - an uncursed ring of protection from fire
   (You found it on level 11 of the Dungeon)
 y - a +4 ring of slaying (melded)
   (You found it on level 5 of the Lair of Beasts)
 L - an amulet of reflection (around neck)
   (You found it on level 8 of the Dungeon)
 O - a +4 ring of protection (melded)
   (You found it on level 13 of the Dungeon)
Wands
 r - a wand of polymorph (12)
   (You found it in a volcano)
 A - a wand of acid (31)
   (You found it on level 4 of the Dungeon)
 D - a wand of digging (7)
 E - a wand of enslavement (18)
   (You found it on level 15 of the Dungeon)
 I - a wand of iceblast (34)
   (You found it on level 7 of the Dungeon)
 N - a wand of disintegration (15)
   (You found it on level 13 of the Dungeon)
 P - a wand of paralysis (43)
   (You found it on level 9 of the Dungeon)
 V - a wand of flame (22)
   (You found it on level 5 of the Lair of Beasts)
Scrolls
 b - 5 scrolls of fog
 d - 4 scrolls of fear
 e - 4 scrolls of immolation
 k - 3 scrolls of vulnerability
 s - 6 scrolls of enchant weapon
 B - 5 scrolls of blinking {!r@r4}
 M - 9 scrolls of magic mapping
 R - 9 scrolls of identify {@r1}
 S - 5 scrolls of enchant armour
 T - 10 scrolls of teleportation {@r3}
 W - 14 scrolls of remove curse {@r2}
Potions
 a - 2 potions of invisibility
 i - 8 potions of cancellation
 l - a potion of flight
 m - 6 potions of attraction
 n - 9 potions of heal wounds {@q2}
 o - 7 potions of lignification
 q - 2 potions of resistance {@q6}
 z - 7 potions of mutation
 C - a potion of berserk rage {!q}
 F - 4 potions of might {@q4}
 G - a potion of ambrosia
 H - a potion of haste {@q3}
 Q - 12 potions of curing {@q1}
Books
 j - a manual of Fighting
   (You found it in a Gauntlet)
Miscellaneous
 u - a condenser vane
   (You found it in a Gauntlet)
 K - a phantom mirror
   (You found it in a Gauntlet)
 X - a box of beasts
   (You found it on level 13 of the Dungeon)


   Skills:
 + Level 12.9 Fighting
 - Level 6.0 Throwing
 - Level 4.0 Armour
 - Level 4.0 Dodging
 - Level 2.7 Stealth
 - Level 9.0 Shields
 + Level 16.1 Unarmed Combat
 - Level 8.0 Evocations


You had 14 spell levels left.
You didn't know any spells.
Your spell library contained the following spells:

 Spells                   Type           Power        Failure   Level
 Animate Skeleton         Necr           0%           45%         1
 Beastly Appendage        Tmut           0%           45%         1
 Foxfire                  Conj/Fire      0%           45%         1
 Pain                     Necr           0%           45%         1
 Sandblast                Erth           0%           45%         1
 Summon Small Mammal      Summ           0%           45%         1
 Passwall                 Tmut/Erth      0%           58%         2
 Wereblood                Tmut           0%           58%         2
 Call Canine Familiar     Summ           0%           83%         3
 Conjure Flame            Conj/Fire      0%           83%         3
 Inner Flame              Hex/Fire       0%           83%         3
 Spider Form              Tmut/Pois      0%           83%         3
 Stone Arrow              Conj/Erth      0%           83%         3
 Vampiric Draining        Necr           0%           83%         3
 Animate Dead             Necr           0%           99%         4
 Ice Form                 Ice/Tmut       0%           99%         4
 Petrify                  Tmut/Erth      0%           99%         4
 Sticky Flame             Conj/Fire      0%           99%         4
 Agony                    Necr           0%           100%        5
 Blade Hands              Tmut           0%           100%        5
 Bolt of Magma            Conj/Fire/Erth 0%           100%        5
 Fireball                 Conj/Fire      0%           100%        5
 Iskenderun's Battlesphe  Conj           0%           100%        5
 Lee's Rapid Deconstruct  Erth           0%           100%        5
 Iron Shot                Conj/Erth      0%           100%        6
 Shadow Creatures         Summ           N/A          100%        6
 Orb of Destruction       Conj           0%           100%        7
 Spellforged Servitor     Conj/Summ      0%           100%        7


Dungeon Overview and Level Annotations

Branches:
Dungeon (15/15)            Temple (1/1) D:4            Lair (6/6) D:9
 Shoals (0/4) Lair:4        Snake (0/4) Lair:2          Orc (0/2) D:12
 Vaults (0/5) D:13         Depths (0/5) D:15        Ossuary (visited)
 Bailey (visited)         Volcano (visited)         Gauntlet (visited)
  Slime: Lair:5-6

Altars:
Ashenzari
Cheibriados
Dithmenos
Elyvilon
Fedhas
Gozag
Hepliaklqana
Kikubaaqudgha
Makhleb
Nemelex Xobeh
Okawaru
Qazlal
Ru
Sif Muna
Trog
Uskayaw
Vehumet
Wu Jian
Xom
Yredelemnul
Zin
The Shining One

Shops:
D:15 =

Portals:
Abyss: D:15
Trove: D:15 (give +7 demon whip)

Annotations:
D:15 2 transporters, zamkadom's ghost, journeyman TrMo
Lair:4 3 runed translucent doors, Ceyroiss's ghost, journeyman HuWn
Lair:5 Kirke
Lair:6 exclusion: oklob plant


Innate Abilities, Weirdness & Mutations

You are too large for most types of armour.
((You have claws for hands.))
Your natural rate of healing is unusually fast.
((You are covered in fur. (AC +1)))
((You have extremely tough skin. (AC +3)))


Message History

The harpy barely misses you. The harpy closely misses you.
You hear some strange, mumbled words.
Something tries to affect you, but you resist.
Unknown command.
You bite the harpy!
The harpy is moderately wounded.
The harpy claws you!
* * * LOW HITPOINT WARNING * * *
The harpy closely misses you. The harpy claws you.
* * * LOW HITPOINT WARNING * * *
The harpy closely misses you.
Unknown command.
You maul the harpy!!
The harpy is severely wounded.
The harpy closely misses you. The harpy claws you!
* * * LOW HITPOINT WARNING * * *
The harpy closely misses you. The harpy claws you.
* * * LOW HITPOINT WARNING * * *
Something hits you!
You die...

#.....#P...##.....###'''###..
#..........##...#!#.....[.#..
#......#....##.....#.##..#.#..
##.................#.....#.#[.
..#...P..#..#.P(..#.#.#.#.#..
#.........#.#.P.P..#.#...#.#.P
.P.#....PP#..##.....##..
#....H......#..#.#..#..
#..P.†hH#...#########.P
......H####............#
#...... #.#..P.........
.#.....#####...P.P###P(.
....P.#..##..<.#........
###....#.#.P......#.#..P
...##..........#####..
##...P...........####..
#PP.....#.......#...


You could see 3 harpies.

Vanquished Creatures
  2 entropy weavers (Lair:5)
  2 minotaurs (Lair:5 Gauntlet)
  An ettin (D:15)
  A fire dragon (D:14)
  The ghost of DadFather the Archer, a journeyman CeHu of Okawaru (D:11)
  2 vault guards (D:13)
  4 hydras (D:11 Lair:2 Lair:3)
  A catoblepas (Lair:5)
  An ogre mage (D:15)
  6 centaur warriors (D:13 D:14 D:15 Volcano)
  11 two-headed ogres (D:6 D:10 D:11 D:13 D:14)
  A queen ant (Lair:5)
  11 death yaks (Lair:5 Lair:4)
  Urug (Lair:5)
  Sonja (Lair:5)
  A deep elf knight (D:14)
  A fire crab (Lair:5)
  3 unseen horrors (D:13 D:14)
  A sixfirhy (Gauntlet)
  A hell knight (Volcano)
  An orange crystal statue (D:13)
  A deep troll (D:15)
  2 orc knights (Bailey D:14)
  Pikel (D:4)
  A manticore (D:13)
  2 wolf spiders (Lair:6)
  3 deep elf magi (D:14 D:15)
  An oklob plant (Lair:5)
  An ugly thing (D:12)
  4 elephants (Lair:5 Lair:3 Lair:4)
  2 cyclopes (D:13 D:15)
  A moth of wrath (Gauntlet)
  2 guardian serpents (Lair:2 Lair:6)
  A merfolk siren (Lair:4)
  Psyche (D:10)
  An ice statue (Gauntlet)
  Joseph (D:10)
  A gargoyle (D:13)
  8 black mambas (Lair:3 Lair:5 Lair:4 Lair:6)
  2 molten gargoyles (Volcano)
  5 centaur skeletons (D:10 D:11 D:12 D:14)
  8 cane toads (Lair:1 Lair:2 Lair:4 Lair:6 Lair:5)
  3 rime drakes (Lair:1 Gauntlet)
  6 komodo dragons (D:14 Lair:3 Lair:6 Lair:5)
  A freezing wraith (D:14)
  3 yaktaurs (Volcano)
  2 tengu conjurers (D:15)
  5 trolls (D:9 D:10 D:11 D:14)
  2 slime creatures (D:15)
  5 hornets (D:11 Gauntlet Lair:6)
  Prince Ribbit (D:7)
  3 blink frogs (Lair:3)
  Sigmund (D:2)
  A redback (Lair:6)
  A vampire (D:15)
  2 shadows (D:12)
  A wraith (D:15)
  7 wyverns (D:9 D:12 D:13 Lair:1 Lair:6)
  41 yaks (D:6 D:11 Lair:1 Lair:2 Lair:3)
  2 fire bats (Volcano)
  3 basilisks (Lair:1 Lair:2 Lair:3)
  5 hogs (Lair:5)
  9 humans (D:13)
  10 vampire mosquitoes (D:12 D:13)
  15 soldier ants (D:13 Lair:5)
  2 acid dragons (D:11 D:14)
  17 water moccasins (D:10 Lair:1 Lair:3 Lair:6 Lair:5)
  24 orc warriors (D:7 D:9 Bailey D:12 D:13)
  3 ice beasts (D:6 D:11)
  4 sky beasts (D:10 D:11 D:12)
  4 black bears (D:7 D:11 Lair:2)
  10 ogres (D:5 D:7 D:13 D:14 D:15)
  14 centaurs (D:5 D:6 D:8 D:9 D:11)
  An eye of draining (D:13)
  4 wolves (Gauntlet)
  2 phantoms (D:12 D:14)
  A big kobold (D:10)
  Blork the orc (D:5)
  An elf zombie (Ossuary)
  17 bullfrogs (D:6 D:10 D:13 D:15 Lair:1)
  A scorpion (D:12)
  3 troll zombies (D:12)
  11 killer bees (D:8 D:12)
  11 wights (D:6 D:13 D:14)
  A howler monkey (D:9)
  3 electric eels (D:10)
  5 lava snakes (Volcano)
  7 hounds (D:5 D:4 D:6 D:8 D:11)
  2 bullfrog zombies (D:2 D:13)
  5 centaur zombies (Ossuary D:13 D:14)
  5 jellies (D:6 D:9 D:12)
  3 human zombies (Ossuary)
  8 orc priests (D:6 D:9 D:12 D:13 D:14)
  23 orc wizards (D:5 D:4 D:3 D:6 D:7)
  Crazy Yiuf (D:4)
  An iguana (D:6)
  23 worker ants (D:4 D:7 D:13 D:14 Lair:5)
  3 ogre zombies (D:12)
  2 hound zombies (Ossuary D:10)
  4 hound skeletons (D:4 D:5 D:6)
  3 mummies (Ossuary)
  Robin (D:2)
  4 gnolls (D:3 D:2)
  8 adders (D:5 D:4 D:2 D:6 D:9)
  3 shadow imps (D:6 D:7 D:9)
  4 white imps (D:6 D:7 D:9 D:10)
  4 ufetubi (D:6 Gauntlet)
  An ooze (D:3)
  6 adder zombies (Ossuary)
  An adder skeleton (D:9)
  3 worms (D:3 D:6)
  3 dart slugs (D:4 D:3)
  6 leopard geckos (D:3 D:2 D:4 D:7 D:9)
  89 orcs (D:5 D:4 D:3 D:6 D:7)
  4 bats (D:2 D:1)
  4 giant cockroaches (D:4 D:3 D:2)
  A gnoll zombie (Ossuary)
  18 goblins (D:1 D:3 D:2)
  9 hobgoblins (D:1 D:2 D:3)
  8 quokkas (D:3 D:2 D:6 D:7 D:10)
  6 frilled lizards (D:1 D:2 D:4)
  2 goblin skeletons (D:12)
  6 goblin zombies (Ossuary D:12)
  2 hobgoblin skeletons (D:12)
  6 hobgoblin zombies (Ossuary D:12)
  3 jackal zombies (Ossuary)
  7 kobolds (D:1 D:2 D:3 D:10)
  6 kobold zombies (Ossuary)
  2 leopard gecko skeletons (D:4 D:9)
  2 orc skeletons (D:12)
  8 orc zombies (Ossuary D:12)
  A quokka skeleton (D:5)
  3 quokka zombies (Ossuary)
  11 rats (D:1 D:2 D:3)
  A rat zombie (Ossuary)
705 creatures vanquished.

Vanquished Creatures (collateral kills)
  The ghost of kthxbai the Destroyer, a journeyman TeCj of Vehumet (Lair:5)
  A hydra (Lair:5)
  3 worker ants (Lair:5)
5 creatures vanquished.

Vanquished Creatures (others)
  A vault guard (D:13)
  A cane toad (Lair:5)
  A komodo dragon (Lair:5)
  A goblin (D:2)
  2 kobolds (D:10)
  16 fungi (Lair:5 Lair:4 Lair:6)
  20 plants (D:11 Lair:6 Lair:5 Lair:4 Gauntlet)
42 creatures vanquished.

Grand Total: 752 creatures vanquished

Notes
Turn   | Place    | Note
-------+----------+-------------------------------------------
     0 | D:5      | Canard the Troll Delver began the quest for the Orb.
     0 | D:5      | Reached XP level 1. HP: 22/22 MP: 0/0
     4 | D:5      | Noticed a centaur
    15 | D:5      | Noticed a hound
    51 | D:5      | Reached XP level 2. HP: 22/29 MP: 1/1
    87 | D:5      | Reached skill level 3 in Fighting
    87 | D:5      | Reached skill level 3 in Unarmed Combat
    87 | D:5      | Reached XP level 3. HP: 33/37 MP: 2/2
   104 | D:5      | Noticed an ogre
   197 | D:5      | Killed a centaur
   198 | D:5      | Reached XP level 4. HP: 45/48 MP: 3/3
   239 | D:5      | Reached skill level 4 in Unarmed Combat
   239 | D:5      | Reached XP level 5. HP: 31/54 MP: 4/4
   362 | D:4      | Reached skill level 4 in Fighting
   402 | D:4      | Noticed a lemure
   402 | D:4      | Noticed a lemure
   403 | D:4      | Noticed a lemure
   404 | D:4      | Noticed Pikel
   497 | D:4      | Reached XP level 6. HP: 63/63 MP: 5/5
   682 | D:4      | Found a runed translucent door.
   683 | D:4      | Noticed Crazy Yiuf
   758 | D:4      | Reached skill level 5 in Unarmed Combat
   840 | D:4      | Found a staircase to the Ecumenical Temple.
   845 | Temple   | Entered the Ecumenical Temple
   950 | Temple   | Became a worshipper of Trog the Wrathful
  1791 | D:2      | Found a stormy altar of Qazlal.
  1879 | D:2      | Noticed Sigmund
  2020 | D:3      | Reached * piety under Trog
  2326 | D:3      | Reached XP level 7. HP: 70/71 MP: 6/6
  2458 | D:3      | Reached skill level 5 in Fighting
  2622 | D:2      | Reached ** piety under Trog
  2662 | D:2      | Killed Sigmund
  2663 | D:2      | Reached skill level 6 in Unarmed Combat
  2739 | D:2      | Noticed Robin
  2770 | D:2      | Killed Robin
  3266 | D:4      | Killed Pikel
  3267 | D:4      | Reached skill level 6 in Fighting
  3267 | D:4      | Reached skill level 7 in Unarmed Combat
  3267 | D:4      | Reached XP level 8. HP: 83/84 MP: 7/7
  3329 | D:4      | Found a blossoming altar of Fedhas.
  3757 | D:4      | Killed Crazy Yiuf
  3825 | D:5      | Reached skill level 2 in Dodging
  3872 | D:5      | Noticed Blork the orc
  3882 | D:5      | Killed Blork the orc
  4241 | D:6      | Reached *** piety under Trog
  4430 | D:6      | Reached skill level 8 in Unarmed Combat
  4475 | D:6      | Reached skill level 7 in Fighting
  4544 | D:6      | Reached skill level 3 in Dodging
  4593 | D:6      | Found a basalt altar of Yredelemnul.
  4598 | D:6      | Reached XP level 9. HP: 92/93 MP: 8/8
  4672 | D:6      | Noticed a two-headed ogre
  4684 | D:6      | Killed a two-headed ogre
  4685 | D:6      | Reached skill level 10 in Unarmed Combat
  4929 | D:6      | Found a shimmering altar of Xom.
  5092 | D:7      | Noticed Prince Ribbit
  5098 | D:7      | Killed Prince Ribbit
  5099 | D:7      | Reached skill level 11 in Unarmed Combat
  5270 | D:7      | Found an iron altar of Okawaru.
  5341 | D:7      | Found a sand-covered staircase.
  5350 | Ossuary  | Entered an ossuary
  5396 | Ossuary  | Reached **** piety under Trog
  5648 | D:7      | Reached XP level 10. HP: 102/102 MP: 9/9
  6497 | D:8      | Reached skill level 1 in Shields
  7098 | D:9      | Found a staircase to the Lair.
  7172 | D:9      | Reached skill level 12 in Unarmed Combat
  7245 | D:9      | Reached ***** piety under Trog
  7339 | D:9      | Reached skill level 2 in Shields
  7573 | D:9      | Received a gift from Trog
  7970 | D:10     | Entered Level 10 of the Dungeon
  8079 | D:10     | Noticed a two-headed ogre
  8092 | D:10     | Killed a two-headed ogre
  8093 | D:10     | Reached skill level 3 in Shields
  8437 | D:10     | Noticed a two-headed ogre
  8444 | D:10     | Killed a two-headed ogre
  8445 | D:10     | Reached skill level 8 in Fighting
  8445 | D:10     | Reached skill level 1 in Evocations
  8596 | D:10     | Reached XP level 11. HP: 108/111 MP: 10/10
  8652 | D:10     | Reached skill level 4 in Shields
  8817 | D:10     | Noticed Joseph
  8822 | D:10     | Noticed Psyche
  8831 | D:10     | Killed Psyche
  8835 | D:10     | Killed Joseph
  9246 | D:11     | Found a flagged portal.
  9265 | Bailey   | Entered a bailey
  9265 | Bailey   | Noticed an orc knight
  9278 | Bailey   | Noticed an orc knight
  9288 | Bailey   | Noticed an orc knight
  9489 | Bailey   | Noticed an orc knight
  9491 | Bailey   | Found the +4 skin of Zhor {Englaciate rC+++ SInv}
  9501 | Bailey   | HP: 24/169 [orc warrior (25)]
  9507 | Bailey   | Killed an orc knight
  9508 | Bailey   | Reached skill level 13 in Unarmed Combat
  9806 | D:11     | Found a sacrificial altar of Ru.
  9834 | D:11     | Reached skill level 2 in Evocations
  9866 | D:11     | Reached skill level 5 in Shields
 10266 | D:11     | Noticed a two-headed ogre
 10273 | D:11     | Killed a two-headed ogre
 10317 | D:11     | Reached skill level 9 in Fighting
 10330 | D:11     | Found a runed translucent gate.
 10330 | D:11     | Found a runed translucent gate.
 10330 | D:11     | Noticed DadFather's ghost (journeyman CeHu)
 10331 | D:11     | Found a runed translucent gate.
 10331 | D:11     | Noticed an 11-headed hydra
 10445 | D:11     | Noticed a two-headed ogre
 10453 | D:11     | Killed a two-headed ogre
 10453 | D:11     | Received a gift from Trog
 10515 | D:11     | Killed DadFather's ghost
 10516 | D:11     | Killed a 12-headed hydra
 10647 | D:12     | Reached skill level 3 in Evocations
 10722 | D:12     | Reached skill level 6 in Shields
 10775 | D:12     | Reached XP level 12. HP: 118/123 MP: 11/11
 10964 | D:12     | Found a staircase to the Orcish Mines.
 11763 | D:13     | Noticed a death knight
 11947 | D:13     | Reached skill level 14 in Unarmed Combat
 11967 | D:13     | Received a gift from Trog
 12071 | D:13     | Killed a vault guard
 12106 | D:13     | Noticed a centaur warrior
 12115 | D:13     | Killed a centaur warrior
 12116 | D:13     | Reached skill level 10 in Fighting
 12116 | D:13     | Reached skill level 7 in Shields
 12405 | D:13     | Reached skill level 4 in Evocations
 12460 | D:13     | Noticed a two-headed ogre
 12467 | D:13     | Killed a two-headed ogre
 12790 | D:13     | Noticed a vault guard
 12827 | D:13     | Killed a vault guard
 12828 | D:13     | Reached skill level 8 in Shields
 12850 | D:13     | Noticed a vault guard
 12875 | D:13     | Killed a vault guard
 12968 | D:13     | Found a gate to the Vaults.
 13098 | D:14     | Noticed a two-headed ogre
 13109 | D:14     | Killed a two-headed ogre
 13110 | D:14     | Reached skill level 5 in Evocations
 13110 | D:14     | Reached XP level 13. HP: 104/133 MP: 12/12
 13264 | D:14     | Reached skill level 9 in Shields
 13323 | D:14     | Found a glowing silver altar of Zin.
 13323 | D:14     | Noticed an angel
 13484 | D:14     | Reached skill level 6 in Evocations
 13543 | D:14     | Noticed a fire dragon
 13561 | D:14     | Killed a fire dragon
 13562 | D:14     | Reached skill level 1 in Throwing
 13677 | D:14     | Reached skill level 1 in Armour
 13717 | D:14     | Received a gift from Trog
 14050 | D:15     | Entered Level 15 of the Dungeon
 14103 | D:15     | Found a portal to a secret trove of treasure.
 14116 | D:15     | Noticed an ettin
 14126 | D:15     | Reached skill level 2 in Throwing
 14147 | D:15     | Found a staircase to the Depths.
 14167 | D:15     | Reached skill level 2 in Armour
 14178 | D:15     | Killed an ettin
 14191 | D:15     | Reached skill level 4 in Dodging
 14249 | D:15     | Reached skill level 3 in Throwing
 14283 | D:15     | Found a transporter.
 14357 | D:15     | Found Rempahu's Jewellery Shoppe.
 14416 | D:15     | Reached skill level 3 in Armour
 14584 | D:15     | Found a glowing golden altar of the Shining One.
 14621 | D:15     | Found a one-way gate to the infinite horrors of the Abyss.
 14621 | D:15     | Noticed zamkadom's ghost (journeyman TrMo)
 14623 | D:15     | Noticed a cacodemon
 14632 | D:15     | Identified the +7 war axe "Boarag" {distort, rElec Str+3}
 14683 | D:15     | Found a transporter.
 14889 | Lair:1   | Entered Level 1 of the Lair of Beasts
 15027 | Lair:1   | Reached skill level 4 in Throwing
 15114 | Lair:1   | Reached XP level 14. HP: 144/144 MP: 13/13
 15170 | Lair:1   | You fall into a shaft and drop 1 floor!
 15211 | Lair:2   | Found a dark tunnel.
 15231 | Volcano  | Entered a volcano
 15518 | Volcano  | Found a burning altar of Makhleb.
 15525 | Volcano  | Reached skill level 4 in Armour
 16425 | Lair:2   | Found a staircase to the Snake Pit.
 16539 | Lair:2   | Received a gift from Trog
 16670 | Lair:2   | Reached skill level 11 in Fighting
 16897 | Lair:3   | Reached skill level 5 in Throwing
 17719 | Lair:3   | Reached skill level 15 in Unarmed Combat
 17883 | Lair:4   | You fall into a shaft and drop 2 floors!
 17883 | Lair:6   | Entered Level 6 of the Lair of Beasts
 17982 | Lair:5   | Noticed Sonja
 18146 | Lair:5   | Noticed kthxbai's ghost (journeyman TeCj)
 18155 | Lair:5   | Killed Sonja
 18156 | Lair:5   | Reached skill level 6 in Throwing
 18169 | Lair:5   | Found a runed translucent gate.
 18169 | Lair:5   | Found a runed translucent gate.
 18169 | Lair:5   | Found a runed translucent gate.
 18187 | Lair:5   | Killed kthxbai's ghost
 18280 | Lair:4   | Found a gate leading to a gauntlet.
 18291 | Gauntlet | Entered a Gauntlet
 18291 | Gauntlet | Found a transporter.
 18291 | Gauntlet | Found a transporter.
 18291 | Gauntlet | Found a transporter.
 18307 | Gauntlet | Found a transporter.
 18311 | Gauntlet | Found a transporter.
 18321 | Gauntlet | Found a transporter.
 18342 | Gauntlet | Found a transporter.
 18348 | Gauntlet | Found a transporter.
 18356 | Gauntlet | Found a transporter.
 18374 | Gauntlet | Found a transporter.
 18382 | Gauntlet | Found a transporter.
 18399 | Gauntlet | Found a transporter.
 18805 | Lair:4   | Reached skill level 7 in Evocations
 18944 | Lair:4   | Reached skill level 12 in Fighting
 19013 | Lair:4   | Found a staircase to the Shoals.
 19016 | Lair:4   | Reached XP level 15. HP: 145/156 MP: 14/14
 19221 | Lair:4   | Found a runed translucent gate.
 19221 | Lair:4   | Found a runed translucent gate.
 19221 | Lair:4   | Found a runed translucent gate.
 19230 | Lair:4   | Noticed Ceyroiss's ghost (journeyman HuWn)
 19411 | Lair:4   | You fall into a shaft and drop 2 floors!
 19440 | Lair:6   | Received a gift from Trog
 19640 | Lair:5   | Noticed Urug
 19651 | Lair:5   | Killed Urug
 19940 | Lair:5   | Reached skill level 16 in Unarmed Combat
 20370 | Lair:5   | Reached skill level 8 in Evocations
 20409 | Lair:5   | Identified the Volume of Companions and Earth
 20487 | Lair:5   | Noticed Kirke
 20512 | Lair:5   | HP: 42/237 [harpy[Kirke] (12)]
 20514 | Lair:5   | HP: 17/237 [harpy[Kirke] (11)]
 20514 | Lair:5   | Slain by Kirke

Illustrated notes

Levels and vault maps discovered:
D:1:      co_arrival_square_in_a_square_in_a_square, layout_basic,
          minmay_misc_feat_chi
D:2:      layout_basic, lemuel_crystal_altar, uniq_robin, uniq_sigmund
D:3:      layout_loops_ring
D:4:      layout_basic, temple_doors_ab, minivault_23, fedhas_altar_2,
          uniq_crazy_yiuf_cottage, uniq_pikel
D:5:      layout_cave_pools, uniq_blork_the_orc
D:6:      layout_loops_ring, kennysheep_nub, hangedman_feature_mirror,
          st_stairs_13, minmay_manual_mail
D:7:      layout_basic, nicolae_ossuary_entry_ruins, okawaru_gym_becter,
          uniq_prince_ribbit1
D:8:      layout_loops_ring, kennysheep_generic_room_10
D:9:      layout_stronghold, lair_entry_dummy, minmay_door_square
D:10:     layout_basic, uniq_joseph, uniq_psyche
D:11:     layout_long_grid, gammafunk_ghost_hydra_chop, enter_bailey_2,
          nicolae_ru_awakened_eye
D:12:     layout_irregular_city, zombieorc1_lemuel
D:13:     layout_stronghold, ximxim_vaults_locker_room, minmay_protected_statue
D:14:     layout_roguey [special_room_orc], zin_angel
D:15:     hangedman_depths_entry_civil_slaughter, layout_rooms,
          nicolae_tso_swordbearing_angel, enter_trove_2, serial_shops, shop,
          gammafunk_ghost_abyssal_escape
Temple:   kilobyte_greek_temple
Lair:1:   layout_long_grid, chequers_serial_rivers_small_b,
          chequers_serial_rivers_micro_b
Lair:2:   layout_cellular_growth, minmay_snake_entry_spellcaster,
          nicolae_volcano_entry_lava_flow
Lair:3:   layout_hall_layers, grunt_megastairs_3
Lair:4:   layout_long_grid, minmay_shoals_entry_lonely_mermaid,
          maelrawn_ghost_gauntlet_escape, gauntlet_entry_generic
Lair:5:   nzn_winding_woodlands_three_and_one
          [nzn_winding_woodlands_5x15_sawtooth,
          nzn_winding_woodlands_5x15_crooked, nzn_winding_woodlands_5x15_pool,
          nzn_winding_woodlands_center_diamonds], layout_loops_ring,
          maelrawn_ghost_gauntlet_escape, zaba_antful_of_joy,
          infiniplex_staircase_pool, uniq_sonja, uniq_kirke, uniq_urug
Lair:6:   hangedman_lair_tendril_chambers, layout_regular_city,
          minmay_slime_entry_oklob_enclosed, columned_hall_lemuel,
          serial_bayou_lagoon_a, lemuel_fruit_tree, lemuel_fruit_fields

Skill      XL: |  1  2  3  4  5  6  7  8  9 10 11 12 13 14 15 |
---------------+----------------------------------------------+-----
Fighting       | 3 4 6 7 8 9 10 12 | 12.9
Unarmed Combat | 3 4 5 7 8 11 12 13 14 15 16 | 16.1
Dodging        | 3 4 |  4.0
Shields        | 3 6 8 9 |  9.0
Evocations     | 1 3 5 6 7 8 |  8.0
Throwing       | 4 6 |  6.0
Armour         | 3 4 |  4.0
Stealth        | |  2.7

Action                   |  1- 3 |  4- 6 |  7- 9 | 10-12 | 13-15 || total
-------------------------+-------+-------+-------+-------+-------++-------
Melee: Unarmed           |    38 |   203 |   330 |   747 |   978 ||  2296
       Punch             |     1 |     5 |    14 |       |       ||    20
Throw: Stone             |     1 |       |       |       |       ||     1
       Boomerang         |       |       |       |     8 |     5 ||    13
       Javelin           |       |       |       |       |     8 ||     8
       Large rock        |       |       |       |       |     2 ||     2
Invok: Berserk           |       |       |     9 |    19 |    20 ||    48
       Trog's Hand       |       |       |       |     2 |     1 ||     3
       Brothers in Arms  |       |       |       |     1 |     2 ||     3
Evoke: Wand              |       |       |       |     1 |     1 ||     2
  Use: Scroll            |       |       |     5 |    18 |     5 ||    28
 Stab: Sleeping          |     1 |     2 |     5 |     7 |     7 ||    22
       Paralysed         |       |       |       |       |     1 ||     1
Armor: Robe              |    16 |    61 |    97 |    32 |     7 ||   213
       Animal skin       |       |       |       |    62 |   149 ||   211
Dodge: Dodged            |    18 |    70 |   193 |   172 |   283 ||   736
Block: Kite shield       |       |       |       |   360 |   523 ||   883
       Reflection        |       |       |       |    27 |    26 ||    53
       Other             |       |       |       |       |     3 ||     3
